 Dungeon Crawl Stone Soup version 0.23.2-1-ga50397a (webtiles) character file.

Game seed: 3340323090443871522

64 Mohreb the Digger (level 3, -4/32 HPs)
             Began as a Troll Earth Elementalist on May 26, 2019.
             Killed by divine providence
             ... invoked by an orc priest
              (11 damage)
             ... on level 7 of the Dungeon on May 28, 2019.
             The game lasted 00:14:46 (1230 turns).

Mohreb the Digger (Troll Earth Elementalist)        Turns: 1230, Time: 00:14:50

Health: -4/32      AC:  6    Str: 17    XL:     3   Next: 91%
Magic:  3/3        EV: 10    Int: 11    God:
Gold:   56         SH:  0    Dex: 10    Spells: 3/4 levels left

rFire    . . .     SeeInvis .   g - +0 spear {Malicius}
rCold    . . .     Gourm    +   (no shield)
rNeg     . . .     Faith    .   c - +0 robe
rPois    .         Spirit   .   (helmet restricted)
rElec    .         Reflect  .   (no cloak)
rCorr    .         Harm     .   (gloves unavailable)
MR       .....                  (boots unavailable)
Stlth    ++........             (no amulet)
HPRegen  0.50/turn              a - ring of wizardry
MPRegen  0.08/turn              (no ring)

@: no status effects
A: large, unfitting armour, claws 3, fast metabolism 3, gourmand, regeneration
1, shaggy fur 1, tough skin 3
a: no special abilities


You were on level 7 of the Dungeon.
You were not hungry.

You visited 1 branch of the dungeon, and saw 6 of its levels.

You collected 56 gold pieces.

Inventory:

Hand Weapons
 g - a +0 spear (weapon) {Malicius}
 j - a +0 dagger
 p - a +0 short sword
 q - a +0 whip
Missiles
 b - 33 stones (quivered)
 h - 40 arrows
 n - 57 sling bullets
Armour
 c - a +0 robe (worn)
 f - a +0 leather armour
 t - a +0 ring mail
 u - a +0 ring mail
 v - a +0 chain mail
 w - a +0 leather armour
 z - a +0 helmet
Jewellery
 a - a ring of wizardry (left claw)
Scrolls
 k - a scroll of teleportation {unknown}
 l - 2 scrolls of remove curse {unknown}
 m - a scroll of amnesia {unknown}
 r - 2 scrolls of noise {unknown}
 s - 2 scrolls of identify {unknown}
 x - a scroll of blinking {unknown}
 y - a scroll of fear {unknown}
Potions
 e - a potion of invisibility {unknown}
 i - a potion of lignification {unknown}
 o - a potion of curing {unknown}
Comestibles
 d - 2 rations


   Skills:
 + Level 0.3 Fighting
 + Level 1.0 Polearms
 + Level 2.1 Dodging
 + Level 1.3 Stealth
 + Level 0.5 Unarmed Combat
 + Level 1.2 Spellcasting
   Level 0.6 Transmutations
 + Level 3.3 Earth Magic


You had 3 spell levels left.
You knew the following spells:

 Your Spells              Type           Power        Failure   Level  Hunger
a - Sandblast             Erth           #.....       3%          1    ##.....

Your spell library contained the following spells:

 Spells                   Type           Power        Failure   Level  Hunger
 Passwall                 Tmut/Erth      #.......     9%          2    ###....
 Stone Arrow              Conj/Erth      #.....       19%         3    ####...
 Petrify                  Tmut/Erth      #.......     45%         4    #####..
 Lee's Rapid Deconstruct  Erth           #.........   63%         5    ######.


Dungeon Overview and Level Annotations

Branches:
Dungeon (7/15)
 Temple: D:4-7

Altars:


Innate Abilities, Weirdness & Mutations

You are too large for most types of armour.
You have claws for hands.
Your metabolism is lightning-fast.
You like to eat raw meat.
Your natural rate of healing is unusually fast.
You are covered in fur. (AC +1)
You have extremely tough skin. (AC +3)


Message History

The bullfrog snags a nearby small bird with its tongue.
The black bear closely misses you. The black bear misses you.
The black bear claws you.
The howler monkey hits you but does no damage.
The black bear bites you.
The black bear claws you but does no damage. x2
The howler monkey hits you.
The howler monkey hoots and howls with incredible vigour!
You hear a shout!
The howler monkey hits you.
The orc wizard hits you but does no damage.
The howler monkey barely misses you.
You hit the orc wizard.
The orc wizard is moderately wounded.
The orc wizard closely misses you. The black bear closely misses you.
The black bear claws you. x2
* * * LOW HITPOINT WARNING * * *
The orc priest invokes the aid of Beogh against you.
Beogh smites you!
You die...

.? .. #. ... #o
....##'#####
...........#
..%....Fsh.#
.......rhh.#
......ooo@.#####
.......o...'...#
...........###.#
...........# #.#
....?......# #.#
########### #.#
#.# ####### #.#
#.....# #.#


You could see an orc warrior, a black bear, a bullfrog, a scorpion, 2 howler
monkeys, an orc priest, an orc wizard, 2 orcs and a quokka.

Vanquished Creatures
  An ooze (D:1)
  A worm (D:2)
  5 dart slugs (D:1)
  5 leopard geckos
  4 goblins
  5 hobgoblins (D:1)
  5 jackals (D:1)
  A ball python (D:1)
  3 bats
  2 frilled lizards (D:1)
  5 kobolds
  3 rats (D:1)
  A butterfly (D:7)
41 creatures vanquished.

Notes
Turn   | Place    | Note
-------+----------+-------------------------------------------
     0 | D:1      | Mohreb the Troll Earth Elementalist began the quest for the
                  | Orb.
     0 | D:1      | Reached XP level 1. HP: 16/16 MP: 1/1
    80 | D:1      | Reached skill level 3 in Earth Magic
   152 | D:1      | Reached XP level 2. HP: 24/24 MP: 2/2
   598 | D:1      | Paralysed by fainting for 9 turns
   637 | D:1      | Reached XP level 3. HP: 31/31 MP: 3/3
   906 | D:1      | Reached skill level 1 in Polearms
  1133 | D:3      | You fall through a shaft for 2 floors!
  1133 | D:5      | Entered Level 5 of the Dungeon
  1218 | D:7      | Noticed a black bear
  1221 | D:7      | Noticed a scorpion
  1221 | D:7      | Noticed an orc warrior
  1222 | D:7      | Noticed a bullfrog
  1230 | D:7      | Killed from afar by an orc priest

Skill      XL: |  1  2  3 |
---------------+----------+-----
Earth Magic    | 3 |  3.3
Dodging        | 2 |  2.1
Polearms       | 1 |  1.0
Fighting       | |  0.3
Stealth        | |  1.3
Unarmed Combat | |  0.5
Spellcasting   | |  1.2
Transmutations | |  0.6

Action                   || total
-------------------------++-------
Melee: Unarmed           ||    16
       Spear             ||   157
 Stab: Sleeping          ||     3
  Eat: Ration            ||     3
Armor: Robe              ||    87
Dodge: Dodged            ||   116
